 Dungeon Crawl Stone Soup version 0.22-a0-353-g2d6336e (webtiles) character file.

41 iamserjio the Sneak (level 3, -1/28 HPs)
             Began as a Formicid Assassin on Apr 15, 2018.
             Succumbed to an adder's poison
             ... on level 2 of the Dungeon.
             The game lasted 00:05:14 (1212 turns).

iamserjio the Sneak (Formicid Assassin)             Turns: 1212, Time: 00:05:15

Health: -1/28      AC:  3    Str: 15    XL:     3   Next: 75%
Magic:  3/3        EV: 11    Int: 10    God:
Gold:   33         SH:  3    Dex: 13    Spells: 2/2 levels left

rFire    + . .     SeeInvis +   a - +2 dagger
rCold    + . .     Gourm    .   l - +0 buckler
rNeg     . . .     Faith    .   c - +0 robe
rPois    +         Spirit   .   (helmet unavailable)
rElec    +         Reflect  .   d - +0 cloak
rCorr    +         Harm     .   (no gloves)
MR       .....                  (no boots)
Stlth    +++.......             (no amulet)
HPRegen  0.09/turn              (no ring)
MPRegen  0.08/turn              (no ring)

@: lethally poisoned (-1 -> -15), resistant
A: permanent stasis, dig shafts and tunnels, four strong arms, antennae 3
a: Dig, Shaft Self


You were on level 2 of the Dungeon.
You were hungry.

You visited 1 branch of the dungeon, and saw 2 of its levels.

You collected 33 gold pieces.

Inventory:

Hand Weapons
 a - a +2 dagger (weapon)
 b - a +0 blowgun
Missiles
 e - 8 poisoned needles
 f - 2 curare-tipped needles
 o - 2 stones (quivered)
Armour
 c - a +0 robe (worn)
 d - a +0 cloak (worn)
 l - a +0 buckler (worn)
 m - a +0 ring mail
Scrolls
 k - a scroll of fear {unknown}
 n - a scroll of fog {unknown}
 p - a scroll of identify {unknown}
Comestibles
 g - 2 rations


   Skills:
 + Level 2.9 Fighting
 - Level 2.0 Short Blades
 - Level 2.0 Throwing
 + Level 0.5 Armour
 - Level 0.8 Dodging
 * Level 5.8 Stealth
 + Level 0.7 Shields


You had 2 spell levels left.
You didn't know any spells.

Dungeon Overview and Level Annotations

Branches:
Dungeon (2/15)

Altars:


Innate Abilities, Weirdness & Mutations

You cannot be hasted, slowed, berserked, paralysed or teleported.
You can dig through walls and to a lower floor.
Your four strong arms can wield two-handed weapons with a shield.
You have a pair of large antennae on your head. (SInv)


Message History

The adder completely misses you.
You closely miss the adder. You block the giant cockroach's attack.
The adder barely misses you.
You closely miss the adder.
You feel sick. The giant cockroach closely misses you.
The adder barely misses you. The giant cockroach closely misses you.
You hit the adder but do no damage. The adder bites you.
* * * LOW HITPOINT WARNING * * *
You block the giant cockroach's attack.
It was a potion of magic.
Magic courses through your body. The adder bites you.
* * * LOW HITPOINT WARNING * * *
You are more poisoned.
The adder poisons you! The giant cockroach closely misses you.
The adder bites you.
* * * LOW HITPOINT WARNING * * *
You are more poisoned.
The adder poisons you!
It was a potion of resistance.
You feel protected.
You die...

.... ..
.........#.##.... .# #
................. .###..
................. .....
..........#.# #.##...##.
........#.#.# #.........
.......!.<..###..<......
.....>†.................
......s@S...............
........................
...........####..##.####
..........## #.....#
#........## ........
####.....# #....#.#.
#.##... .....#.#.. ..
#... ####.# # .#


You could see an adder and a giant cockroach.

Vanquished Creatures
  An adder (D:2)
  A dart slug (D:1)
  3 bats (D:1)
  2 giant cockroaches (D:1)
  4 goblins (D:1)
  2 hobgoblins (D:1)
  4 jackals (D:1)
  3 kobolds (D:1)
  A ball python (D:1)
  A frilled lizard (D:1)
  5 rats (D:1)
27 creatures vanquished.

Notes
Turn   | Place    | Note
-------+----------+-------------------------------------------
     0 | D:1      | iamserjio the Formicid Assassin began the quest for the Orb.
     0 | D:1      | Reached XP level 1. HP: 16/16 MP: 1/1
    33 | D:1      | Reached skill level 5 in Stealth
    76 | D:1      | Reached XP level 2. HP: 17/23 MP: 2/2
   538 | D:1      | Reached XP level 3. HP: 26/28 MP: 3/3
  1211 | D:2      | HP: 1/28 [adder (1)]
  1212 | D:2      | Succumbed to an adder's poison

Vault maps used:
D:1:      minmay_arrival_solitary_statue
D:2:      grunt_qazlal_clouds

Skill      XL: |  1 |
---------------+----+-----
Stealth        | 5 |  5.8
Fighting       | |  2.9
Short Blades   | |  2.0
Throwing       | |  2.0
Armour         | |  0.5
Dodging        | |  0.8
Shields        | |  0.7

Action                   || total
-------------------------++-------
Melee: Dagger            ||    83
  Use: Potion            ||     2
 Stab: Sleeping          ||    10
Armor: Robe              ||    23
Dodge: Dodged            ||    57
Block: Buckler           ||     7

Table legend:
 A = Spawn XP
 B = Non-spawn XP
 C = Spawn XP percentage of total XP
 D = Spawn monster count
 E = Non-spawn monster count
 F = Spawn count percentage of total count
 G = Total turns spent on level
                    A         B        C        D         E        F      G
               +---------+---------+-------+---------+---------+-------+---------
         Total |       0 |      59 |   0.0 |       0 |      27 |   0.0 |  1212
               +---------+---------+-------+---------+---------+-------+---------
           D:1 |       0 |      46 |   0.0 |       0 |      26 |   0.0 |  1182
           D:2 |       0 |      13 |   0.0 |       0 |       1 |   0.0 |    30
               +---------+---------+-------+---------+---------+-------+---------
